 Dungeon Crawl Stone Soup version 0.20.1-1-g8b1a95d (webtiles) character file.

90 KleinerIrrer the Ruffian (level 4, -4/41 HPs)
             Began as a Troll Gladiator on July 3, 2017.
             Slain by a gnoll
             ... wielding a +0 halberd
              (7 damage)
             ... on level 3 of the Dungeon.
             The game lasted 00:02:36 (1201 turns).

KleinerIrrer the Ruffian (Troll Gladiator)          Turns: 1201, Time: 00:02:37

Health: -4/41      AC:  5    Str: 22    XL:     4   Next: 32%
Magic:  3/3        EV: 10    Int:  4    God:
Gold:   140        SH:  0    Dex: 12    Spells: 3/3 levels left

rFire    . . .     SeeInvis .     - Unarmed
rCold    + . .     Gourm    +   (no shield)
rNeg     . . .     Faith    .   a - +0 robe
rPois    .         Spirit   .   b - +0 hat
rElec    .         Reflect  .   (no cloak)
rCorr    .         Harm     .   (gloves unavailable)
MR       .....                  (boots unavailable)
Stlth    +.........             (no amulet)
Regen    0.6/turn               h - ring of protection from cold
MPRegen  0.1/turn               (no ring)

@: flying
A: unfitting armour, claws 3, fast metabolism 3, gourmand, regeneration 1,
shaggy fur 1, tough skin 2
a: no special abilities


You were on level 3 of the Dungeon.
You were very full.

You visited 1 branch of the dungeon, and saw 3 of its levels.

You collected 140 gold pieces.

Inventory:

Missiles
 c - 3 throwing nets (quivered)
Armour
 a - a +0 robe (worn)
 b - a +0 hat (worn)
Jewellery
 h - a ring of protection from cold (left claw)
 l - an uncursed ring of protection from cold
Scrolls
 e - a scroll of amnesia {unknown}
 f - a scroll of enchant armour {unknown}
 g - 3 scrolls of teleportation {unknown}
 j - a scroll of enchant weapon {unknown}
 m - a scroll of recharging {unknown}
 o - a scroll of identify {unknown}
 p - 2 scrolls of immolation {unknown}
Potions
 i - a potion of heal wounds {unknown}
 k - a potion of flight
 q - a potion of curing
 s - a potion of degeneration {unknown}
Comestibles
 d - 2 bread rations
 n - 2 meat rations
 r - 6 chunks of flesh
 t - a royal jelly


   Skills:
 - Level 1.5 Fighting
 - Level 1.7 Throwing
 - Level 2.4 Dodging
 + Level 5.2 Unarmed Combat


You had 3 spell levels left.
You didn't know any spells.

Dungeon Overview and Level Annotations

Branches:
Dungeon (3/15)

Altars:


Innate Abilities, Weirdness & Mutations

You are too large for most types of armour.
You have claws for hands.
Your metabolism is lightning-fast.
You like to eat raw meat.
Your natural rate of healing is unusually fast.
You are covered in fur. (AC +1)
You have very tough skin. (AC +2)


Message History

You claw the gnoll!
You kill the gnoll!
The gnoll barely misses you. x2
Items here: ))) † a club; a short sword; a spear; a gnoll corpse You scratch the gnoll but do no damage.
The gnoll hits you with a halberd!
* * * LOW HITPOINT WARNING * * *
The frilled lizard bites you but does no damage.
You barely miss the gnoll. The gnoll hits you with a halberd!
* * * LOW HITPOINT WARNING * * *
The frilled lizard bites you but does no damage.
The gnoll hits you with a halberd.
* * * LOW HITPOINT WARNING * * *
It was a potion of curing.
You feel better. The gnoll hits you with a halberd.
* * * LOW HITPOINT WARNING * * *
The frilled lizard closely misses you. The gnoll barely misses you.
It was a potion of flight.
You feel very buoyant.
You fly up into the air.
The gnoll hits you with a halberd!
You die...

#.# #..# #...#.......
#.# #..# #.#.#g#...#
#.# #..####.#.K...# #.#
#.(.........#...# #.#
#...........# ..# #.#
#######.##### #.# #.#
###.# #.# #(# #.gg# #.#
#.# #.#@# #.# #.# #.#l#
#.# #.# #####.#.### #.#
#.# #.........#####>#
#.#####.###.#.........#
#........##.###.####..#
#######..##.###.####..#
#................#
#...##.###.#####.#


You could see 2 gnolls and a frilled lizard.

Vanquished Creatures
  2 gnolls (D:3)
  2 adders (D:2)
  An ooze (D:2)
  A dart slug (D:2)
  2 leopard geckos
  A ball python (D:1)
  2 bats
  A giant cockroach (D:2)
  9 goblins
  5 hobgoblins (D:1)
  3 jackals (D:3)
  3 quokkas
  4 frilled lizards
  3 kobolds
  4 rats
43 creatures vanquished.

Notes
Turn   | Place    | Note
-------+----------+-------------------------------------------
     0 | D:1      | KleinerIrrer the Troll Gladiator began the quest for the Orb.
     0 | D:1      | Reached XP level 1. HP: 19/19 MP: 0/0
   171 | D:1      | Reached XP level 2. HP: 23/27 MP: 1/1
   392 | D:1      | Reached skill level 4 in Unarmed Combat
   474 | D:1      | You fall through a shaft!
   497 | D:2      | Reached XP level 3. HP: 32/33 MP: 2/2
  1102 | D:3      | Reached XP level 4. HP: 37/41 MP: 3/3
  1192 | D:3      | Reached skill level 5 in Unarmed Combat
  1199 | D:3      | HP: 2/41 [gnoll/halberd (3)]
  1201 | D:3      | Slain by a gnoll

Skill      XL: |  1  2  3  4 |
---------------+-------------+-----
Unarmed Combat | 4 5 |  5.2
Fighting       | |  1.5
Throwing       | |  1.7
Dodging        | |  2.4

Action                   |  1- 3 |  4- 6 || total
-------------------------+-------+-------++-------
Melee: Unarmed           |    82 |    10 ||    92
       Punch             |     2 |       ||     2
  Use: Potion            |       |     2 ||     2
 Stab: Sleeping          |     1 |       ||     1
  Eat: Chunk             |    16 |       ||    16
Armor: Robe              |    22 |     2 ||    24
Dodge: Dodged            |    44 |     8 ||    52
